 Dungeon Crawl Stone Soup version 0.31-a0-702-gf82c85558f (webtiles) character file.

Game seed: 13431029906026781242

241 qw the Trooper (level 6, -4/40 HPs)
             Began as a Gargoyle Hunter on Sept 7, 2023.
             Slain by a gnoll
             ... wielding a +0 halberd
              (7 damage)
             ... on level 2 of the Dungeon.
             The game lasted 00:00:26 (992 turns).

qw the Trooper (Gargoyle Hunter)                     Turns: 992, Time: 00:00:26

Health: -4/40      AC: 11    Str: 15    XL:     6   Next: 8%
Magic:  6/6        EV: 11    Int:  9    God:
Gold:   61         SH:  0    Dex: 15    Spells: 5/5 levels left

rFire   . . .        Y - +0 shortbow
rCold   . . .        (shield currently unavailable)
rNeg    + . .        c - +0 leather armour
rPois   inf          (no helmet)
rElec   +            (no cloak)
rCorr   .            (no gloves)
SInv    .            (no boots)
Will    .....        (no amulet)
Stlth   ++           g - +4 ring of protection
HPRegen 0.26/turn    (no ring)
MPRegen 0.10/turn

%: no passive effects
@: slowed, very slow
A: sickness immunity, AC +4, negative energy resistance 1, electricity
resistance, torment resistance 1, petrification resistance
a: no special abilities


You were on level 2 of the Dungeon.
You visited 1 branch of the dungeon, and saw 2 of its levels.

You collected 61 gold pieces.


Innate Abilities, Weirdness & Mutations

You are immune to sickness and miasma.
Your stone body is resilient. (AC +4)
You are immune to poison.
You resist negative energy. (rN+)
You are resistant to electric shocks. (rElec)
You are resistant to unholy torment.
You are immune to petrification.


   Skills:
 - Level 5.4 Fighting
 + Level 5.4 Ranged Weapons
 - Level 1.5 Dodging
 - Level 1.1 Stealth


You had 5 spell levels left.
You didn't know any spells.
Your spell library was empty.

Inventory:

Hand Weapons
 Y - a +0 shortbow (weapon)
Armour
 c - a +0 leather armour (worn)
Jewellery
 g - a +4 ring of protection (left hand)
 k - a ring of ice
Scrolls
 a - a scroll of poison {unknown}
Potions
 e - a potion of heal wounds {unknown}
 h - a potion of brilliance {unknown}
 l - a potion of curing

Dungeon Overview and Level Annotations

Branches:
Dungeon (2/15)

Altars:

Shops:
D:2 [

Annotations:
D:2 Jessica


Message History

You shoot an arrow. The arrow barely misses the gnoll.
The gnoll hits you from afar with a +0 spear.
The gnoll barely misses you.
Jessica gestures wildly while chanting.
Jessica blinks!
You shoot an arrow. The arrow barely misses the gnoll.
The gnoll closely misses you. The gnoll barely misses you.
You shoot an arrow. The arrow hits the gnoll.
The gnoll is heavily wounded.
The gnoll hits you but does no damage. The gnoll barely misses you.
You shoot an arrow. The arrow barely misses the gnoll.
The gnoll hits you from afar with a +0 spear!
The gnoll closely misses you.
You shoot an arrow. The arrow hits the gnoll.
The gnoll is heavily wounded.
Jessica casts a spell.
Jessica blinks!
The gnoll hits you but does no damage. The gnoll completely misses you.
The gnoll hits you from afar with a +0 halberd!
The gnoll barely misses you.
You shoot an arrow. The arrow barely misses the gnoll.
The gnoll hits you but does no damage.
The gnoll hits you from afar with a +0 halberd!
You shoot an arrow. The arrow hits the gnoll!
You kill the gnoll!
Jessica points at you and mumbles some strange words.
You feel yourself slow down. The gnoll misses you.
You shoot an arrow.
The arrow hits the gnoll but does no damage.
Jessica gestures at you while chanting. Pain shoots through your body!
The gnoll barely misses you. The gnoll closely misses you.
Jessica gestures wildly while chanting.
Jessica blinks!
You shoot an arrow. The arrow hits the gnoll!
The gnoll is severely wounded.
Jessica casts a spell.
Jessica seems to speed up.
The gnoll hits you from afar with a +0 halberd!
You die...

#....##....# .#...
#....##....# .......
#....##..).# .......
#....##..... ......
............. #....
....... ###### #.... .
#######....####....
....##).................
@.....)@................
#....g.......##.%.....##
.....).......#..........
.............#..........
..####.......#...####...
. #.......#...# #...
#.......#...# ####
#.......#...# #####


You could see a gnoll and Jessica (fast).

Vanquished Creatures
  Sigmund (D:2)
  3 gnolls (D:2)
  2 adders (D:2)
  2 worms (D:2)
  3 bats (D:2)
  2 giant cockroaches (D:2)
  3 goblins
  A hobgoblin (D:1)
  A quokka (D:2)
  2 ball pythons
  3 kobolds (D:2)
23 creatures vanquished.

Notes
Turn   | Place    | Note
-------+----------+-------------------------------------------
     0 | D:1      | qw the Gargoyle Hunter began the quest for the Orb.
     0 | D:1      | Reached XP level 1. HP: 12/12 MP: 1/1
     0 | D:1      | 0 ||| qw: Version: 0.3-a-76-g4403597
     0 | D:1      | 0 ||| qw: Game counter: 911
     0 | D:1      | 0 ||| qw: Melee chars always use a shield: true
     0 | D:1      | 0 ||| qw: God list: Okawaru
     0 | D:1      | 0 ||| qw: Allow faded altars: false
     0 | D:1      | 0 ||| qw: Do Orc after clearing Dungeon:15 true
     0 | D:1      | 0 ||| qw: Do second Lair branch before Depths: true
     0 | D:1      | 0 ||| qw: Lair rune preference: random
     0 | D:1      | 0 ||| qw: Goals: Normal
     0 | D:1      | 0 ||| PLANNING D:1-11
   631 | D:1      | 631 ||| UPGRADING to +4 ring of protection.
   632 | D:1      | 632 ||| READING scroll labelled YNTOERRE IRRIO.
   633 | D:1      | 633 ||| READING scroll labelled PUUN ZORGHADUKK.
   634 | D:1      | 634 ||| READING scroll labelled VYS MIJIHADD.
   635 | D:1      | 635 ||| READING scroll labelled DEUK GEUMOATOSS.
   636 | D:1      | 636 ||| DRINKING 2 glowing orange potions.
   637 | D:1      | 637 ||| DROPPING scroll of butterflies.
   727 | D:2      | Reached XP level 2. HP: 17/17 MP: 2/2
   839 | D:2      | Reached XP level 3. HP: 21/21 MP: 3/3
   846 | D:2      | Noticed Sigmund
   853 | D:2      | Killed Sigmund
   854 | D:2      | Reached XP level 4. HP: 31/31 MP: 4/4
   854 | D:2      | Reached XP level 5. HP: 35/35 MP: 5/5
   868 | D:2      | Found Tyej's Antique Armour Boutique.
   883 | D:2      | 883 ||| SHOPLISTING cloak (130 gold, have 53).
   883 | D:2      | 883 ||| SHOPLISTING helmet (130 gold, have 53).
   883 | D:2      | 883 ||| SHOPLISTING ring mail (116 gold, have 53).
   883 | D:2      | 883 ||| SHOPLISTING runed leather armour (145 gold, have
                  | 53).
   883 | D:2      | 883 ||| SHOPLISTING shiny ring mail (203 gold, have 53).
   977 | D:2      | Noticed Jessica
   982 | D:2      | Reached XP level 6. HP: 34/40 MP: 6/6
   989 | D:2      | HP: 5/40 [gnoll/+0 halberd (7)]
   991 | D:2      | HP: 2/40 [Jessica/nerve-wracking pain (4)]
   992 | D:2      | Slain by a gnoll

Levels and vault maps discovered:
D:1:      sevenhm_arrival_forest_fort_small_1, layout_loops_cross
D:2:      layout_basic, serial_shops, nicolae_shop_window_shopping,
          uniq_sigmund, uniq_natasha, uniq_jessica

Skill      XL: |  1  2  3 |
---------------+----------+-----
Ranged Weapons | 5 |  5.4
Fighting       | 5 |  5.4
Dodging        | |  1.5
Stealth        | |  1.1

Action                     |  1- 3 |  4- 6 || total
---------------------------+-------+-------++-------
   Fire: Shortbow          |    66 |    48 ||   114
    Use: Scroll            |     4 |       ||     4
         Potion            |     1 |       ||     1
 Armour: Leather armour    |    20 |    23 ||    43
  Dodge: Dodged            |    13 |    23 ||    36

Table legend:
 A = Non-vault XP
 B = Vault XP
 C = Vault XP percentage of total XP
 D = Non-vault monster count
 E = Vault monster count
 F = Vault count percentage of total count
                 A         B        C        D         E       F
            +---------+---------+-------+---------+---------+-------
      Total |     106 |     239 |  69.3 |      22 |       1 |   4.3
            +---------+---------+-------+---------+---------+-------
        D:1 |       7 |       0 |   0.0 |       4 |       0 |   0.0
        D:2 |      99 |     239 |  70.7 |      18 |       1 |   5.3
            +---------+---------+-------+---------+---------+-------
